 Dungeon Crawl Stone Soup version 0.31-a0-848-gaac375c287 (webtiles) character file.

Game seed: 9631357110645158587

1782 javelincjr the Mimic (level 8, -1/68 HPs)
             Began as a Troll Shapeshifter on Oct 4, 2023.
             Slain by a kobold demonologist
             ... wielding a +0 dagger
              (4 damage)
             ... on level 6 of the Dungeon.
             The game lasted 00:19:53 (4136 turns).

javelincjr the Mimic (Troll Shapeshifter)           Turns: 4136, Time: 00:19:53

Health: -1/68      AC: -4    Str: 24 (25) XL:     8   Next: 81%
Magic:  7/7        EV:  9    Int:  5 (6)  God:
Gold:   447        SH:  0    Dex:  7 (9)  Spells: 7/7 levels left

rFire   + . .        w - melded +7 short sword of the Dozen Cities {flame, *Noise rN+++ Str+3}
rCold   + . .        (shield currently unavailable)
rNeg    . . .        a - +0 animal skin
rPois   +            (helmet restricted)
rElec   +            (no cloak)
rCorr   +            (gloves unavailable)
SInv    .            (boots unavailable)
Will    .....        (no amulet)
Stlth   +            v - ring of poison resistance
HPRegen 1.11/turn    (no ring)
MPRegen 0.10/turn

%: no passive effects
@: mighty, flux-form, resistant, corroded, glowing
A: glow, contaminating, large, unfitting armour, claws 3, regeneration 1, shaggy
fur 1, tough skin 1
a: Begin Untransformation


You were on level 6 of the Dungeon.
You were something dangerously unstable.
You visited 1 branch of the dungeon, and saw 6 of its levels.
You also visited: Sewer.

You collected 447 gold pieces.

Inventory:

Hand Weapons
 w - the +7 short sword of the Dozen Cities (melded) {flame, *Noise rN+++ Str+3}
   (You took it off an orc on level 3 of the Dungeon)

   Str+3:     It affects your strength (+3).
   rN+++:     It renders you almost immune to negative energy.
   *Noise:    It may make a loud noise when swung.
 E - the +3 trident "Henetush" {heavy, *Rage rF+ Will++ rCorr}
   (You found it on level 6 of the Dungeon)

   rF+:       It protects you from fire.
   Will++:    It greatly increases your willpower.
   *Rage:     It berserks you when you make melee attacks (+20% chance).
   rCorr:     It protects you from acid and corrosion.
 F - a +4 trident of draining
Missiles
 e - 6 poisoned darts (quivered)
 H - 4 large rocks
Armour
 a - a +0 animal skin (worn)
Jewellery
 v - a ring of poison resistance (left claw)
Talismans
 c - a beast talisman
 d - a flux talisman (active)
Wands
 y - a wand of roots (6)
 A - a wand of polymorph (4)
Scrolls
 h - 4 scrolls of identify {unknown}
 i - 2 scrolls of immolation {unknown}
 j - a scroll of silence {unknown}
 m - 6 scrolls of noise {unknown}
 n - 2 scrolls of revelation {unknown}
 o - a scroll of brand weapon {unknown}
 p - a scroll of poison {unknown}
 q - a scroll of blinking {unknown}
 r - a scroll of torment {unknown}
 t - 6 scrolls of teleportation
 u - a scroll of vulnerability {unknown}
 x - 2 scrolls of fog {unknown}
 B - 2 scrolls of enchant weapon {unknown}
 G - a scroll of butterflies {unknown}
Potions
 b - 2 potions of lignification
 g - 2 potions of curing
 l - a potion of ambrosia
 s - 4 potions of enlightenment
 C - a potion of brilliance {unknown}
 D - a potion of magic {unknown}


   Skills:
 - Level 0.8 Fighting
 + Level 5.5 Short Blades
 - Level 1.6 Dodging
 - Level 3.0 Unarmed Combat
 + Level 8.9 Shapeshifting


You had 7 spell levels left.
You didn't know any spells.
Your spell library contained the following spells:

 Spells                   Type           Power      Damage    Failure   Level
 Dazzling Flash           Conj/Hex       0%         N/A       85%         3
 Agony                    Necr           0%         N/A       100%        5
 Silence                  Hex/Air        0%         N/A       100%        5


Dungeon Overview and Level Annotations

Branches:
Dungeon (6/15)              Sewer (visited)
 Temple: D:4-7

Altars:
Kikubaaqudgha
Okawaru
Ru
The Shining One

Shops:
D:2 ?=:([


Innate Abilities, Weirdness & Mutations

You are something dangerously unstable.
You glow with magical radiation, making you easy to see and hit.
Foes you strike become dangerously contaminated with magical radiation.
You are incapable of wielding weapons or throwing items.
You are too large for most types of armour.
You have claws for hands.
Your natural rate of healing is unusually fast.
You are covered in fur. (AC +1)
You have tough skin. (AC +1)


Message History

The quasit closely misses you. x2
The kobold demonologist hits you with a +0 dagger.
The kobold demonologist casts a spell.
You claw the kobold demonologist!
The kobold demonologist shudders as magic cascades through it!
The kobold demonologist twists and deforms.
The kobold demonologist is severely wounded.
The sixfirhy hits you! The sixfirhy shocks you. You resist.
The sixfirhy hits you! The sixfirhy shocks you. You resist.
The quasit bites you but does no damage.
The quasit completely misses you. The quasit barely misses you.
The sixfirhy hits you. The sixfirhy shocks you. You resist.
The kobold demonologist closely misses you.
The kobold demonologist casts a spell.
The quasit bites you. The quasit closely misses you.
The quasit claws you but does no damage.
You claw the kobold demonologist!
You kill the kobold demonologist!
The iron imp disappears in a puff of smoke!
The quasit disappears in a puff of smoke!
The iron imp disappears in a puff of smoke!
The sixfirhy barely misses you. The sixfirhy hits you. The sixfirhy shocks you.
You resist.
* * * LOW HITPOINT WARNING * * *
The rust devil hits you.
* * * LOW HITPOINT WARNING * * *
The rust devil corrodes you! The sixfirhy hits you!
* * * LOW HITPOINT WARNING * * *
The sixfirhy shocks you. You resist.
* * * LOW HITPOINT WARNING * * *
The kobold demonologist hits you with a +0 dagger.
* * * LOW HITPOINT WARNING * * *
You feel your intelligence returning.
You scratch the kobold demonologist.
The kobold demonologist begins to glow.
The kobold demonologist is lightly wounded.
The rust devil hits you.
* * * LOW HITPOINT WARNING * * *
The rust devil corrodes you! The kobold closely misses you.
The kobold demonologist hits you with a +0 dagger.
You die...

#..####### .. ..
##.......... . ..
............. .##..
###....# #.. #>..
......# ####.##..#
......# #.......K# ..
......#
#.##..§§K###....
####..###.....§KKKM.#
...##........§.3p##.#
.⌠.######.<)....4#
...#......##...###
...'.###..#......#
...#.........###.#
.⌠.##..#..#..###.#
...#...........# #
#####..####..#.# #
#.. .....#....<...


You could see a rust devil (summoned), a kobold demonologist (contam), a
sixfirhy (summoned), 2 kobold brigands, a mummy and 2 kobolds.

Vanquished Creatures
  Jeremiah (D:6)
  A kobold demonologist (D:6)
  An orc warrior (D:6)
  2 ogres (D:4)
  A kobold brigand (D:6)
  A bullfrog (D:6)
  A crimson imp (D:4)
  4 hounds
  2 orc priests
  A jelly (D:5)
  2 sleepcaps
  Natasha (thrice) (D:4)
  4 iguanas
  2 orc wizards
  A malarious merfolk avatar (Sewer)
  A sickly merfolk siren (Sewer)
  Robin (D:4)
  3 gnolls (D:4)
  5 adders
  6 river rats
  2 shadow imps
  2 white imps
  2 worms (D:3)
  A dart slug (D:1)
  11 orcs
  15 ball pythons
  2 bats
  7 endoplasms
  3 giant cockroaches
  14 goblins
  11 hobgoblins
  4 jackals (D:4)
  6 quokkas
  6 frilled lizards
  8 kobolds
  20 rats
157 creatures vanquished.

Notes
Turn   | Place    | Note
-------+----------+-------------------------------------------
     0 | D:1      | javelincjr the Troll Shapeshifter began the quest for the
                  | Orb.
     0 | D:1      | Reached XP level 1. HP: 18/18 MP: 0/0
   216 | D:1      | Reached XP level 2. HP: 26/26 MP: 1/1
   705 | D:2      | Found Nebexoitt's Armour Boutique.
   722 | D:2      | Found Ewiwkuc's Antique Weapon Shop.
   837 | D:2      | Found Feom's Book Emporium.
   893 | D:2      | Found Fitaunum's Jewellery Emporium.
   963 | D:2      | Found Ogione's Magic Scroll Shoppe.
   979 | D:2      | Reached skill level 4 in Shapeshifting
   979 | D:2      | Reached XP level 3. HP: 32/32 MP: 2/2
  1254 | D:3      | Reached XP level 4. HP: 30/40 MP: 3/3
  1290 | D:3      | Found a glowing drain.
  1296 | Sewer    | Entered a sewer
  1346 | Sewer    | Reached skill level 5 in Shapeshifting
  1464 | Sewer    | Reached XP level 5. HP: 46/46 MP: 4/4
  1781 | D:3      | Identified the +7 short sword of the Dozen Cities {flame,
                  | *Noise rN+++ Str+3}
  1787 | D:3      | Reached skill level 6 in Shapeshifting
  2004 | D:3      | Found a sacrificial altar of Ru.
  2094 | D:3      | Reached XP level 6. HP: 54/54 MP: 5/5
  2313 | D:4      | Noticed Natasha
  2324 | D:4      | Killed Natasha
  2326 | D:4      | Noticed Natasha
  2334 | D:4      | Killed Natasha
  2370 | D:4      | Reached skill level 1 in Short Blades
  2466 | D:4      | Noticed Natasha
  2475 | D:4      | Killed Natasha
  2513 | D:4      | Reached XP level 7. HP: 61/61 MP: 6/6
  2670 | D:4      | Found an iron altar of Okawaru.
  2689 | D:4      | Noticed Robin
  2715 | D:4      | Reached skill level 7 in Shapeshifting
  2732 | D:4      | Killed Robin
  3150 | D:5      | Entered Level 5 of the Dungeon
  3666 | D:5      | Found a glowing golden altar of the Shining One.
  3666 | D:5      | Found an ancient bone altar of Kikubaaqudgha.
  3768 | D:6      | Identified the +3 trident "Henetush" {heavy, *Rage rF+
                  | Will++ rCorr}
  3812 | D:6      | Noticed Jeremiah
  3898 | D:6      | Killed Jeremiah
  3899 | D:6      | Reached skill level 8 in Shapeshifting
  3899 | D:6      | Reached XP level 8. HP: 35/68 MP: 7/7
  3980 | D:6      | Reached skill level 5 in Short Blades
  4115 | D:6      | Noticed a kobold demonologist
  4120 | D:6      | Noticed a kobold demonologist
  4128 | D:6      | Identified the +9 great sword "Kotum" {freeze, *Rage rElec
                  | MP+9 Str+3}
  4131 | D:6      | Noticed a sixfirhy
  4134 | D:6      | Noticed a rust devil
  4135 | D:6      | Killed a kobold demonologist
  4135 | D:6      | HP: 3/68 [kobold demonologist/+0 dagger (2)]
  4136 | D:6      | Slain by a kobold demonologist

Illustrated notes

Levels and vault maps discovered:
D:1:      dpeg_arrival_line_fractal, layout_loops_ring
D:2:      layout_basic, serial_shops, nicolae_shop_stone, shop, shop,
          shop_scrolls, shop, amcnicky_mini_pool_small
D:3:      layout_loops_ring, mainiacjoe_overflow_small_starburst,
          lightli_sewer_entry_pipes
D:4:      layout_cave_pools, amcnicky_altar_gilded, nrook_campfire,
          minmay_fire_ice_demons, uniq_natasha, uniq_robin
D:5:      layout_loops_ring, gammafunk_temple_overflow_wave,
          kennysheep_generic_room_7
D:6:      layout_loops_cross, slow_altar_1, minmay_temple_entry_purple_smoke,
          gammafunk_ghost_split, minmay_fountain_box, uniq_edmund, uniq_pikel,
          uniq_crazy_yiuf_cottage, uniq_jeremiah

Skill      XL: |  1  2  3  4  5  6  7  8 |
---------------+-------------------------+-----
Shapeshifting  | 4 5 6 8 |  8.9
Short Blades   | 2 4 5 |  5.5
Fighting       | |  0.8
Dodging        | |  1.6
Unarmed Combat | |  3.0

Action                     |  1- 3 |  4- 6 |  7- 9 || total
---------------------------+-------+-------+-------++-------
  Melee: Unarmed           |    65 |   125 |    13 ||   203
         Punch             |     2 |     2 |     6 ||    10
         Short sword       |       |    56 |   162 ||   218
  Throw: Dart              |       |       |     3 ||     3
    Use: Potion            |       |       |     5 ||     5
   Stab: Sleeping          |     1 |       |       ||     1
 Armour: Animal skin       |    38 |   137 |   143 ||   318
  Dodge: Dodged            |    24 |    75 |    87 ||   186
   Form: Flux              |       |       |     1 ||     1

Table legend: (Time is in decaauts)
 A = Elapsed time spent in this place.
 B = Non-inter-level travel time spent in this place.
 C = Inter-level travel time spent in this place.
 D = Time resting spent in this place.
 E = Time spent auto-exploring this place.
 F = Levels seen in this place.
 G = Mean time per level.
                   A        B        C        D        E       F      G
               +--------+--------+--------+--------+--------+-----+--------+
         Total |   4097 |   3952 |    145 |     48 |   2854 |   7 |  585.3 |
       Dungeon |   3707 |   3562 |    145 |     48 |   2658 |   6 |  617.8 |
         Sewer |    390 |    390 |      0 |      0 |    196 |   1 |  390.0 |
               +--------+--------+--------+--------+--------+-----+--------+

Top non-repeatable levels by time:
     D:4: 830 daAuts
     D:3: 725 daAuts
     D:1: 703 daAuts
     D:5: 603 daAuts
     D:2: 481 daAuts
   Sewer: 390 daAuts
     D:6: 362 daAuts
